Workbook
Name ガ: 【様式Ｆ】!$AQ$35:$AQ$36
Name しゅ: 【様式Ｆ】!$AO$35:$AO$36
Name タ: 【様式Ｆ】!$AK$35:$AK$36
Name と: 【様式Ｆ】!$AF$35:$AF$36
Name 井: 【様式Ｆ】!$AY$35:$AY$36
Name 園: 【様式Ｆ】!$AX$35:$AX$36
Name 屋: 【様式Ｆ】!$AH$35:$AH$36
Name 解: 【様式Ｆ】!$BD$35:$BD$36
Name 管: 【様式Ｆ】!$AJ$35:$AJ$36
Name 機: 【様式Ｆ】!$AU$35:$AU$36
Name 業種名: 【様式Ｆ】!$AB$34:$BD$34
Name 業種名: [1]【様式Ｆ】!$AB$34:$BD$34
Name 業種名: 【様式Ｆ】!$AB$34:$BD$34
Name 筋: 【様式Ｆ】!$AM$35:$AM$36
Name 具: 【様式Ｆ】!$AZ$35:$AZ$36
Name 建: 【様式Ｆ】!$AC$35:$AC$36
Name 更: 【様式Ｆ】!#REF!
Name 更: [1]【様式Ｆ】!#REF!
Name 更: 【様式Ｆ】!#REF!
Name 鋼: 【様式Ｆ】!$AL$35:$AL$36
Name 左: 【様式Ｆ】!$AE$35:$AE$36
Name 消: 【様式Ｆ】!$BB$35:$BB$36
Name 水: 【様式Ｆ】!$BA$35:$BA$36
Name 清: 【様式Ｆ】!$BC$35:$BC$36
Name 石: 【様式Ｆ】!$AG$35:$AG$36
Name 絶: 【様式Ｆ】!$AV$35:$AV$36
Name 大: 【様式Ｆ】!$AD$35:$AD$36
Name 通: 【様式Ｆ】!$AW$35:$AW$36
Name 電: 【様式Ｆ】!$AI$35:$AI$36
Name 塗: 【様式Ｆ】!$AR$35:$AR$36
Name 土: 【様式Ｆ】!$AB$35:$AB$36
Name 内: 【様式Ｆ】!$AT$35:$AT$36
Name 板: 【様式Ｆ】!$AP$35:$AP$36
Name 舗: 【様式Ｆ】!$AN$35:$AN$36
Name 防: 【様式Ｆ】!$AS$35:$AS$36
Name 浚: 【様式Ｆ】!$AO$35:$AO$36

Sheet 提出書類一覧表 
A1: 【提出書類一覧表（建設工事）】 この用紙は確認用に利用していただき、確認欄に☑を入れて提出してください。 | G1: 所在地区分
G2: =●入力シート!C28 | H2: ※ 初めに【入力シート】に情報を入力してください。 ※ 提出対象者欄を確認して関係書類をご用意ください。
A4: 提出 方法 | B4: 確認欄 | D4: 提 出 書 類 | E4: 部数 | F4: 様 式 | G4: 提出対象者 | H4: 法 人 | I4: 個 人
A5: 番号順にホッチキス、ガチャック、紐などで綴じて提出（ファイルは使用不可） | B5: 1 | D5: 門真市建設工事入札及び見積参加資格審査申請書 | E5: 1 | F5: 様式Ａ | G5: 全者 | H5: 本社を記名押印（実印）すること。フリガナも必ず記載すること。 （書類内容の確認で御連絡をすることがありますので、担当者と連絡先は必ず記入してください。）
B6: 2 | D6: 委任状 （建設業法上の主たる営業所以外で登録する場合又は登録する営業所内で委任を行う場合） | E6: 1 | F6: 様式Ｂ （任意様式可 ※1） | G6: 全者
B7: 3 | D7: 建設業許可証明書 | E7: 1 | F7: 写し可 | G7: 全者 | H7: 申請時で、有効期間内にある最新のものを提出してください。 (最新の建設業許可証明書がお手元にない場合は、国土交通省の建設業者・宅建業者等企業情報検索システムの建設業者の詳細情報画面 （https://etsuran.mlit.go.jp/TAKKEN/kensetuKensaku.do?outPutKbn=1） を印刷したものでも構いません。）
B8: 4 | D8: 建設業許可申請書 （建設業法上の主たる営業所以外で登録する場合のみ） | E8: 1 | F8: 写し可 | G8: 全者 | H8: 建設業許可申請・更新・変更等に用いた最新の建設業法施行規則様式第一号別紙２⑴又は⑵（申請する営業所等の許可業種が記載されている欄があるページを提出すること）、もしくは国土交通省の建設業者・宅建業者等企業情報検索システム（https://etsuran.mlit.go.jp/TAKKEN/kensetuKensaku.do?outPutKbn=1）の建設業者の詳細情報画面（申請する営業所等の許可業種が掲載されている画面）を印刷したもの
B9: 5 | D9: 印鑑証明書又は印鑑登録証明書（３ヶ月以内のもの） | E9: 1 | F9: 写し可 | G9: 全者 | H9: 要（法務局） | I9: 要（代表者居住地の市区町村で発行）
B10: 6 | D10: 代表者の身分に関する証明（３ヶ月以内のもの） | E10: 1 | F10: 写し可 | G10: 全者 | H10: 不要 | I10: 要（代表者本籍地の市区町村で発行）
B11: 7 | D11: 納税証明書（国税）（３ヶ月以内のもの） | E11: 1 | F11: 写し可 ※国税の未納税額の無いことの証明書 | G11: 全者 | H11: 国税：法人税、消費税及び地方消費税 (その3の3) （税務署） | I11: 国税：所得税、消費税及び地方消費税 (その3の2) （税務署）
B12: 8 | D12: 市税の調査に関する同意書 ※市税に関する証明書の発行を受ける必要はありません | E12: 1 | F12: 様式Ｇ | G12: 市内・準市内 （注：市外業者は不要です） | H12: 要（本社を記名押印（実印）すること。） | I12: 要 | J12: 市税： 法人市民税・固定資産税・ 都市計画税・軽自動車税等 （市役所） 市税： 市府民税・固定資産税・ 都市計画税・軽自動車税等 （市役所）
B13: 9 | D13: 商業登記簿謄本（履歴事項全部証明書）（３ヶ月以内のもの） | E13: 1 | F13: 写し可 | G13: 全者 | H13: 要（法務局） | I13: 不要
B14: 10 | D14: 専任技術者証明書 | E14: 1 | F14: 写し可 | G14: 市内・準市内 | H14: 建設業法施行規則様式第８号(1)又は(2)（申請する営業所等の専任技術者が記載されている欄を添付すること。変更があれば変更後のものを添付すること。）
B15: 11 | D15: 経営業務の管理責任者証明書 | E15: 1 | F15: 写し可 | G15: 市内・準市内 | H15: 建設業法施行規則 様式第７号
B16: 12 | D16: 市内・準市内業者用調書① | E16: 1 | F16: 様式Ｃ-1 | G16: 市内・準市内 | H16: 申請する営業所等の外観写真（１枚）、内部写真（１枚）を貼り付けて提出すること。
B17: 13 | D17: 市内・準市内業者用調書② | E17: 1 | F17: 様式Ｃ-2 | G17: 市内・準市内 | H17: 申請する営業所等の所在地がわかるように目印等をわかりやすく書いて下さい。
B18: 14 | D18: 資本関係人的関係調書 | E18: 1 | F18: 様式Ｄ | G18: 全者 | H18: 貴社と資本関係・人的関係を有する会社がある場合記入してください。 （該当が無い場合は「なし」に☑を記入し、提出してください。）
B19: 15 | D19: 最新の経営事項審査結果通知書 (経営規模等評価結果通知書・総合評定値通知書) | E19: 1 | F19: 写し可 | G19: 全者 | H19: 申請時で最新のものを提出して下さい。 ※１年７ヶ月の有効期限が切れる前に必ず最新のものを送付して下さい。
B20: 16 | D20: 社会保険加入状況を確認する書面 （経審の社会保険加入の有無の欄に「無」の表記がある方のみ） | E20: 1 | F20: 写し可 | G20: 全者 | H20: 社会保険（健康保険、厚生年金保険及び雇用保険）について、経営事項審査結果通知書において、いずれかの社会保険の加入の有無について「無」とされている場合、下記の書類を提出してください。ただし、法令により適用が「除外」とされる事業者は除きます。 ① 健康保険 及び 厚生年金保険が「無」の場合 年金事務所発行の「健康保険・厚生年金保険適用事業所関係事項確認（申請）書」 ② 雇用保険が「無」の場合 公共職業安定所発行の「雇用保険適用事業所設置届事業主控」
B21: 17 | D21: 誓約書 | E21: 1 | F21: 様式Ｅ | G21: 全者 | H21: 門真市暴力団排除条例の規定に基づき、暴力団員又は暴力団密接関係者でない旨の誓約書を提出してください。
B22: 18 | D22: 建設工事業者調書 | E22: 1 | F22: 様式Ｆ | G22: 全者 | H22: 市内業者は10業種まで、準市内業者及び市外業者は３業種まで申請できます。
A23: 綴じずに提出 | B23: 19 | D23: 門真市建設工事入札参加資格審査申請シート（門真市業者登録受付システム） | E23: 1 | F23: システムに入力後、印刷してください | G23: 全者 | H23: 門真市業者登録受付システムで入力したものを印刷し、提出してください。
B24: 20 | D24: 提出書類一覧表（建設工事） | E24: 1 | F24: 本様式 | G24: 全者 | H24: 確認欄に☑を入れて提出してください。
B25: ※1 任意様式で代用する場合は、指定の様式に準じたものであることが必要です。

Sheet ●入力シート
A1: （建設工事）入札参加資格申請書類入力用シート
A2: この入力シートに基本事項を入力してください。入札参加資格申請書等、様式Ａから様式Ｇまでのシートにも基本事項が自動的に入力されます。様式Ａから様式Ｇまでのシートの中で、データが自動的に入力されず、直接の入力が必要となる項目は黄色に着色していますので、直接入力してください。
B3: 項目 | C3: 入力欄 | D3: 備考
A4: 本店情報 | B4: 商号・名称（フリガナ） | D4: 全角カナ
B5: 商号・名称 | D5: ㈱→株式会社、㈲→有限会社と略さず入力
B6: 所在地(登記上の所在地) | D6: 都道府県名から記入
B7: 代表者名（フリガナ） | D7: 全角カナ、氏と名の間に空白１文字
B8: 代表者役職・代表者名 | D8: 役職名と氏と名の間に空白１文字
B9: 電話番号 | D9: 半角数字と-（ハイフン）を使用
B10: ＦＡＸ番号 | D10: 半角数字と-（ハイフン）を使用
B11: 事業形態 | D11: 法人・個人のどちらかを選択
A12: 建設業法上の 主たる営業所情報 | B12: 商号・名称（フリガナ） | D12: 全角カナ
B13: 商号・名称 | D13: ㈱→株式会社、㈲→有限会社と略さず入力
B14: 所在地 | D14: 都道府県名から記入 | F14: =IF(COUNTIFS(C14,"*門真市*")>0,"●","〇") -> 〇
B15: 代表者名（フリガナ） | D15: 全角カナ、氏と名の間に空白１文字
B16: 代表者役職・代表者名 | D16: 役職名と氏と名の間に空白１文字
B17: 電話番号 | D17: 半角数字と-（ハイフン）を使用
B18: ＦＡＸ番号 | D18: 半角数字と-（ハイフン）を使用
A19: 門真市と直接取引きする営業所情報 | B19: 商号・名称（フリガナ） | D19: 全角カナ
B20: 商号・名称 | D20: ㈱→株式会社、㈲→有限会社と略さず入力
B21: 所在地 | D21: 都道府県名から記入 | F21: =IF(COUNTIFS(C21,"*門真市*")>0,"●","〇") -> 〇
B22: 代表者名（フリガナ） | D22: 全角カナ、氏と名の間に空白１文字
B23: 代表者役職・代表者名 | D23: 役職名と氏と名の間に空白１文字
B24: 電話番号 | D24: 半角数字と-（ハイフン）を使用
B25: ＦＡＸ番号 | D25: 半角数字と-（ハイフン）を使用
B26: 契約用Ｅメールアドレス
A27: 申請年月日 （西暦で入力してください。 記入例：2026/10/1） | C27: =TODAY() -> 46260 | D27: 西暦で記入（例：2026/10/1）
A28: 所在地区分 | C28: =IF(C4="","",IF(AND(F14="●",F21="●"),"市内",IF(AND(F14="〇",F21="●"),"準市内","市外")))

Sheet 【様式A】
A1: (様式Ａ) | F1: 業者番号
F2: =●入力シート!C28
A5: 門真市建設工事入札及び見積参加資格審査申請書
A7: 門真市長様
F8: =IF(●入力シート!C27=""," 年 月 日",●入力シート!C27) -> 46260
A10: 申請者所在地 | B10: =●入力シート!C6 -> 0
A11: （フリガナ） | B11: =●入力シート!C4 -> 0
A12: 商号・名称 | B12: =●入力シート!C5 -> 0
A13: （フリガナ） | B13: =●入力シート!C7 -> 0
A14: 代表者名 | B14: =●入力シート!C8 -> 0
K15: 実印
A17: 平成27年度における門真市及び門真市上下水道局の建設工事の入札並びに見積りに参加いたしたく、関係書類を添えて資格審査の申請をいたします。 申請にあたっては、地方自治法、同法施行令及び貴市・貴市上下水道局の条例及び契約関係規則その他一切の関係法令を堅く遵守し、誠実に業務を行います。 申請書及び添付書類の記載事項は事実と相違ないこと及び契約担当職員の指示に従うことを誓約いたします。 また、入札参加資格有効期間内において本店又は営業所等の立入調査を行う場合の協力及び市税の納税状況について貴市が閲覧調査することを了承します。
A21: 令和９年度における門真市の建設工事の入札及び見積りに参加いたしたく、関係書類を添えて資格審査の申請をいたします。 申請にあたっては、地方自治法、同法施行令及び貴市の条例及び契約関係規則その他一切の関係法令を堅く遵守し、誠実に業務を行います。 申請書及び添付書類の記載事項は事実と相違ないこと及び契約担当職員の指示に従うことを誓約いたします。 また、本店又は営業所等の立入調査を行う場合、協力することを了承します。
C26: 書類作成担当者記入欄
C27: 部署名
C28: 担当氏名
C29: 電話番号 （直通）
C30: メール アドレス

Sheet 【様式Ｂ】
A1: 様式Ｂ
A2: 委 任 状
A4: 門真市長 様
H7: 委任者 所 在 地 | J7: =●入力シート!C6 -> 0
H8: 商号・名称 | J8: =●入力シート!C5 -> 0
H9: 代表者名 | J9: =●入力シート!C8 -> 0 | K9: 実印
A12: 下記の者を代理人と定め、令和９年４月１日から令和10年３月31日までの間、下記事項に関する権限を委任します。
A14: 委 任 事 項
C15: １ 入札及び見積りに関する件
C16: ２ 契約締結に関する件
C17: ３ 保証金納入及び受領に関する件
C18: ４ 工事請負契約の代金支払請求及び受領に関する件
C19: ５ 入札代理人の選定に関する件
A22: 令和 年 月 日
H24: 受任者 所 在 地 | J24: =●入力シート!C21 -> 0
H25: 商号・名称 | J25: =●入力シート!C20 -> 0
H26: 代表者名 | J26: =●入力シート!C23 -> 0 | K26: 使用印

Sheet 【様式C-1】
A1: 様式Ｃ－１
G2: （市内・準市内業者用）
E3: 商号・名称 | G3: =●入力シート!C20 -> 0 | K3: =IF(●入力シート!C28="市外","提出不要です","")
A5: 市内・準市内業者用調書①
A7: （営業所等外観写真及び内部写真）
B10: 営業所等の外観写真（看板等が確認できる写真を１枚貼り付けて下さい。）
B30: 営業所等の内部写真（事務机・電話等確認できる内部写真を１枚貼り付けて下さい。）
B49: ※この調書に基づき、必要に応じ現地調査を実施する場合があります。

Sheet 【様式C-2】
A1: 様式Ｃ－２
H2: （市内・準市内業者用）
F4: 商号・名称 | G4: =●入力シート!C20 -> 0
A7: 市内・準市内業者用調書② | L7: =IF(●入力シート!C28="市外","提出不要です","")
A9: （営業所等付近の見取り図）
B12: 営業所等の付近見取り図（営業所等の所在地がわかるように略図を記入してください。
B13: (略図等を貼り付けてもらっても結構です。）
A48: ※この調書に基づき、必要に応じ現地調査を実施しますので、目印等をわかりやすく記入して下さい。

Sheet 【様式Ｄ】
A1: 様式Ｄ | Z1: =IF(●入力シート!C27=""," 年 月 日",●入力シート!C27) -> 46260 | AH1: =IF(AI1>=2,26,t) -> #NAME? | AI1: =COUNTA(H93:Q101) -> 0
AH2: =IF(AND(AH22=TRUE,AH80=TRUE),"資本・人的あり",IF(AND(AH22=TRUE,AH80=FALSE),"資本関係あり",IF(AND(AH22=FALSE,AH80=TRUE),"人的関係あり","なし"))) -> なし
A3: 資本関係・人的関係調書
N8: 商号又は名称 | S8: =●入力シート!C5 -> 0
A13: 当者の資本関係及び人的関係は、次のとおり相違ありません。
A19: １ 資本関係に関する事項 ※ どちらかに☑を入れてください。該当なしでも提出が必要です。
C22: 該当あり（下記項目の記入が必要） | AH22: FALSE
C25: 該当なし（下記項目を空欄のまま提出）
B29: ⑴ 会社法第２条第４号の規定による親会社
B32: 商号又は名称 | R32: 商号又は名称
B35: 代表者 | R35: 代表者
B38: 商号又は名称 | R38: 商号又は名称
B41: 代表者 | R41: 代表者
B45: ⑵ 会社法第２条第３号の規定による子会社
B48: 商号又は名称 | R48: 商号又は名称
B51: 代表者 | R51: 代表者
B54: 商号又は名称 | R54: 商号又は名称
B57: 代表者 | R57: 代表者
B61: ⑶ ⑴に記載した親会社の他の子会社（自社を除く）
B64: 商号又は名称 | R64: 商号又は名称
B67: 代表者 | R67: 代表者
B70: 商号又は名称 | R70: 商号又は名称
B73: 代表者 | R73: 代表者
A77: ２ 人的関係に関する事項（役員等の兼任の状況(監査役は除く)）※ どちらかに☑を入れてください。
C80: 該当あり（下記項目の記入が必要） | AH80: FALSE
C83: 該当なし（下記項目を空欄のまま提出）
B87: 当社の役員等 | R87: 兼任先及び兼任先での役職
B90: 役職 | H90: 氏名 | R90: 商号又は名称 | AC90: 役職

Sheet 【様式Ｅ】
A1: 様式Ｅ
E3: =IF(●入力シート!C27=""," 年 月 日",●入力シート!C27) -> 46260
A5: 誓 約 書
A8: 門真市長 様
C11: 所 在 地 | E11: =●入力シート!C6 -> 0
C12: フリガナ | E12: =●入力シート!C4 -> 0
C13: 商号又は名称 | E13: =●入力シート!C5 -> 0
C14: フリガナ | E14: =●入力シート!C7 -> 0
C15: 代表者役職名・氏名 | E15: =●入力シート!C8 -> 0 | L15: 実印
C16: 代表者生年月日 | G16: 年 | I16: 月 | K16: 日
A20: 私は、門真市（以下「市」という。）の競争入札参加資格審査に係る申請にあたり、市が門真市暴力団排除条例（以下「条例」という。）に基づき、公共工事等及び売り払いその他の事務事業により暴力団を利することとならないように、暴力団員及び暴力団密接関係者を入札、契約から排除していることを承知のうえで、下記事項について誓約します。
A22: 記
A24: １ 私は、条例第２条第２号及び第３号に規定する暴力団員及び暴力団密接関係者のいずれに も該当しません。
A26: ２ 私は、本誓約書１の該当の有無を確認するため、市から役員名簿等の提出を求められたと きは、速やかに提出します。
A28: ３ 私は、条例第14条第２項において、必要に応じて本誓約書及び役員名簿等が、大阪府警本部 に提供されることに同意します。
A30: ４ 私が本誓約書１に該当する者であると、市が大阪府警本部から通報を受け、又は市の調査 により判明した場合は、条例第８条第１項各号（第３号及び第７号を除く）に基づく入札参 加資格の不認定、取消し、その他の措置に従います。 また、条例第８条第３項に基づき、本誓約書１に該当する旨を公表されることに同意しま す。

Sheet 【様式Ｆ】
A1: 様式Ｆ | I1: 業者番号 | K1: =【様式A】!I1 -> 0
I2: 所在地区分 | K2: =●入力シート!C28
A3: 建設工事業者調書 【令和９年度分】
E5: 所在地 | H5: =●入力シート!C6 -> 0
E7: 商号・名称 | H7: =●入力シート!C5 -> 0
E9: 代表者役職・氏名 | H9: =●入力シート!C8 -> 0 | K9: （実印）
A11: 本 店 | B11: ＴＥＬ | C11: =●入力シート!C9 -> 0 | H11: ＦＡＸ | I11: =●入力シート!C10 -> 0
B12: 従業員総数 支店を含む | C12: 人 | H12: 資本金又は 元入金 | I12: 千円
A13: 主たる営業所 | B13: 所在地 | C13: =●入力シート!C14 -> 0 | G13: ＴＥＬ | H13: =●入力シート!C17 -> 0
B14: フリガナ | C14: =●入力シート!C12 -> 0
B15: 商号･名称 | C15: =●入力シート!C13 -> 0 | G15: ＦＡＸ | H15: =●入力シート!C18 -> 0
B16: フリガナ | C16: =●入力シート!C15 -> 0
B17: 代表者役職・氏名 | C17: =●入力シート!C16 -> 0
A18: 直接取引する営業所 | B18: 所在地 | C18: =●入力シート!C21 -> 0 | G18: ＴＥＬ | H18: =●入力シート!C24 -> 0
B19: フリガナ | C19: =●入力シート!C19 -> 0
B20: 商号･名称 | C20: =●入力シート!C20 -> 0 | G20: ＦＡＸ | H20: =●入力シート!C25 -> 0
B21: フリガナ | C21: =●入力シート!C22 -> 0
B22: 代表者役職・氏名 | C22: =●入力シート!C23 -> 0 | G22: 契約用 Ｅﾒｰﾙｱﾄﾞﾚｽ | H22: =●入力シート!C26 -> 0
A24: 使用印鑑届 | B24: ※下記の欄に押印してください。 なお、下記印鑑は入札、見積り、契約の締結及び代金の請求受領のため使用いたします。
B25: 使用印鑑（必要な場合は社印も押印すること）
B26: ㊞
A29: 電子入札用 パスワード | J29: ※数字６桁を記載してください。 英字及び記号（ハイフン、ピリオド等）は使用できません。
A31: 本市に申請を希望する業種（市内業者：10業種まで、準市内業者及び市外業者：３業種まで）
A32: 希望順位 | B32: 業種名 （略称） | C32: 建設業許可区分 | D32: 総合 評定値 | G32: 希望順位 | H32: 業種名 （略称） | I32: 建設業許可区分 | J32: 総合 評定値
A33: 1 | G33: 6
A34: 2 | G34: 7 | AB34: 土 | AC34: 建 | AD34: 大 | AE34: 左 | AF34: と | AG34: 石 | AH34: 屋 | AI34: 電 | AJ34: 管 | AK34: タ | AL34: 鋼 | AM34: 筋 | AN34: 舗 | AO34: しゅ | AP34: 板 | AQ34: ガ | AR34: 塗 | AS34: 防 | AT34: 内 | AU34: 機 | AV34: 絶 | AW34: 通 | AX34: 園 | AY34: 井 | AZ34: 具 | BA34: 水 | BB34: 消 | BC34: 清 | BD34: 解
A35: 3 | G35: 8 | AB35: 一般 | AC35: 一般 | AD35: 一般 | AE35: 一般 | AF35: 一般 | AG35: 一般 | AH35: 一般 | AI35: 一般 | AJ35: 一般 | AK35: 一般 | AL35: 一般 | AM35: 一般 | AN35: 一般 | AO35: 一般 | AP35: 一般 | AQ35: 一般 | AR35: 一般 | AS35: 一般 | AT35: 一般 | AU35: 一般 | AV35: 一般 | AW35: 一般 | AX35: 一般 | AY35: 一般 | AZ35: 一般 | BA35: 一般 | BB35: 一般 | BC35: 一般 | BD35: 一般
A36: 4 | G36: 9 | AB36: 特定 | AC36: 特定 | AD36: 特定 | AE36: 特定 | AF36: 特定 | AG36: 特定 | AH36: 特定 | AI36: 特定 | AJ36: 特定 | AK36: 特定 | AL36: 特定 | AM36: 特定 | AN36: 特定 | AO36: 特定 | AP36: 特定 | AQ36: 特定 | AR36: 特定 | AS36: 特定 | AT36: 特定 | AU36: 特定 | AV36: 特定 | AW36: 特定 | AX36: 特定 | AY36: 特定 | AZ36: 特定 | BA36: 特定 | BB36: 特定 | BC36: 特定 | BD36: 特定
A37: 5 | G37: 10

Sheet 【様式Ｇ】
A1: 様式Ｇ
B4: 市税の調査に関する同意書
B7: 門真市長 様
B10: 私（当社）に関する下記の事項について、門真市総務部総務課長及び
B11: 環境水道部経営総務課長が調査することに同意します。
D13: 記
A15: 令和９年度門真市入札及び見積参加資格審査のために必要な市税の申告・納付状況
B21: =●入力シート!C27 -> 46260
B24: 申請者 | C24: 住所 | D24: =●入力シート!C6 -> 0
C25: 事業所の名称 | D25: =●入力シート!C5 -> 0
C26: 代表者役職及び氏名 | D26: =●入力シート!C8 -> 0 | K26: 実印
C27: 電話 | D27: =●入力シート!C9 -> 0 | F27: =[1]●入力シート!C6 -> 0
